 Dungeon Crawl Stone Soup version 0.32-a0-131-g9dbbe29261 (webtiles) character file.

Game seed: 5297137616374703545

62 Dittersdorf the Covered (level 4, -1/29 HPs)
             Began as a Gargoyle Fighter on Feb 8, 2024.
             Slain by Crazy Yiuf
             ... wielding a +3 quarterstaff of chaos
              (6 damage)
             ... on level 2 of the Dungeon.
             The game lasted 00:01:22 (1319 turns).

Dittersdorf the Covered (Gargoyle Fighter)          Turns: 1319, Time: 00:01:23

Health: -1/29      AC: 10    Str: 22    XL:     4   Next: 8%
Magic:  3/4        EV:  9    Int:  8    God:
Gold:   76         SH:  9    Dex:  9    Spells: 3/3 levels left

rFire   . . .        p - +2 hammer (holy)
rCold   . . .        c - +0 buckler
rNeg    + . .        b - +0 scale mail
rPois   ∞            (no helmet)
rElec   +            j - scarf {repulsion}
rCorr   .            (no gloves)
SInv    .            (no boots)
Will    .....        n - amulet of reflection Stlth
                     (no ring)
HPRegen 0.24/turn    (no ring)
MPRegen 0.09/turn

%: repel missiles, reflection
@: weakened
A: sickness immunity, AC +3, negative energy resistance 1, electricity
resistance, torment resistance 1, petrification resistance
a: no special abilities


You were on level 2 of the Dungeon.
You visited 1 branch of the dungeon, and saw 2 of its levels.

You collected 76 gold pieces.

Inventory:

Hand Weapons
 a - a +0 flail
 p - a +2 hammer of holy wrath (weapon)
Armour
 b - a +0 scale mail (worn)
 c - a +0 buckler (worn)
 j - a scarf of repulsion (worn)
Jewellery
 n - an amulet of reflection (around neck)
Wands
 m - a wand of flame (23)
Scrolls
 e - 4 scrolls of amnesia {unknown}
 g - a scroll of immolation {unknown}
 h - a scroll of fear {unknown}
 k - a scroll of vulnerability {unknown}
 o - a scroll of enchant weapon {unknown}
Potions
 d - a potion of might
 f - 2 potions of curing {unknown}
 i - 2 potions of attraction {unknown}
 l - a potion of invisibility {unknown}


   Skills:
 + Level 3.9 Fighting
 + Level 2.6 Maces & Flails
 + Level 3.9 Armour
 + Level 3.9 Shields


You had 3 spell levels left.
You didn't know any spells.
Your spell library contained the following spells:

 Spells                   Type           Power      Damage    Failure   Level
 Sandblast                Erth           0%         2d4       80%         1
 Passwall                 Erth           0%         N/A       99%         3
 Stone Arrow              Conj/Erth      0%         3d7       99%         3
 Brom's Barrelling Bould  Conj/Erth      0%         2d3       100%        4


Dungeon Overview and Level Annotations

Branches:
Dungeon (2/15)

Altars:

Annotations:
D:2 Crazy Yiuf


Innate Abilities, Weirdness & Mutations

You are immune to sickness and miasma.
Your stone body is resilient. (AC +3)
You are immune to poison.
You resist negative energy. (rN+)
You are resistant to electric shocks. (rElec)
You are resistant to unholy torment.
You are immune to petrification.


Message History

Found a hammer.
n - an amulet of reflection You start putting on your amulet.
You continue putting on your amulet of reflection. x5
You finish putting on your amulet of reflection.
You feel a shielding aura gather around you.
n - an amulet of reflection (around neck)
o - a scroll labelled OGIXEI NOCW
Found a hammer.
You see here a +2 hammer of holy wrath.
p - a +2 hammer of holy wrath Your +2 hammer of holy wrath softly glows with a divine radiance!
p - a +2 hammer of holy wrath (weapon)
You see here a +0 hammer.
Found six hammers and a glowing hammer.
Found a runed translucent door.
You see here a +0 hammer.
Found a hammer.
Crazy Yiuf shouts!
You see here a +0 hammer.
You see here a +0 hammer.
Found two glowing hammers and a hammer.
You see here a +1 hammer of protection.
You open the door. You hit Crazy Yiuf.
Crazy Yiuf is lightly wounded.
Crazy Yiuf hits you with a +3 quarterstaff of chaos!
You thump Crazy Yiuf!
Crazy Yiuf is heavily wounded.
You block Crazy Yiuf's attack.
You thump Crazy Yiuf!
Crazy Yiuf is almost dead.
Crazy Yiuf hits you with a +3 quarterstaff of chaos.
You feel your attacks grow feeble.
You hit Crazy Yiuf.
Crazy Yiuf is almost dead.
Crazy Yiuf hits you with a +3 quarterstaff of chaos!
* * * LOW HITPOINT WARNING * * *
You feel your power leaking away.
Crazy Yiuf hits you with a +3 quarterstaff of chaos.
You die...

#########
#....#####... .#
........# #....#
#.# .# #######.#
#P..P# #.# .# #.#
##.P.# ####.###.#
#######.#### ##)##
#..<.....#
...........# ##)#
####.##..#
...........# #)##
#.##..#
.....##.#..# ##)#
..##..#
.....##.#.## #@##
#######.##
.....##.#<.# #g#
#..# #.#
...<###.#.)# )))
##.# #.#
...........# #)))#
##.####.#
#.#.######.# #).)#
#.......# #.#.# #.#
##### #.......# ##
#.#.######.#
##.####.###.
#.>........########
#......†....
##########........#
#######.##..


You could see Crazy Yiuf.

Vanquished Creatures
  Jessica (D:2)
  6 bats
  2 endoplasms (D:1)
  A giant cockroach (D:2)
  4 goblins
  4 hobgoblins
  2 jackals (D:2)
  2 kobolds (D:1)
  A quokka (D:1)
  4 ball pythons
  2 frilled lizards
  4 rats
33 creatures vanquished.

Notes
Turn   | Place    | Note
-------+----------+-------------------------------------------
     0 | D:1      | Dittersdorf the Gargoyle Fighter began the quest for the
                  | Orb.
     0 | D:1      | Reached XP level 1. HP: 14/14 MP: 1/1
   196 | D:1      | Reached XP level 2. HP: 19/19 MP: 2/2
   864 | D:2      | Reached XP level 3. HP: 23/23 MP: 3/3
  1130 | D:2      | Noticed Jessica
  1134 | D:2      | Killed Jessica
  1194 | D:2      | Reached XP level 4. HP: 26/29 MP: 4/4
  1311 | D:2      | Found a runed translucent door.
  1312 | D:2      | Noticed Crazy Yiuf
  1319 | D:2      | Slain by Crazy Yiuf

Illustrated notes

Levels and vault maps discovered:
D:1:      kennysheep_arrival_seaside, layout_loops_ring
D:2:      layout_loops_ring, uniq_jessica, uniq_crazy_yiuf_cottage

Action                     |  1- 3 |  4- 6 || total
---------------------------+-------+-------++-------
  Melee: Flail             |   109 |    12 ||   121
         Mace              |       |     4 ||     4
 Armour: Scale mail        |    94 |    12 ||   106
  Dodge: Dodged            |    59 |     5 ||    64
  Block: Buckler           |    27 |     2 ||    29

Table legend: (Time is in decaauts)
 A = Elapsed time spent in this place.
 B = Non-inter-level travel time spent in this place.
 C = Inter-level travel time spent in this place.
 D = Time resting spent in this place.
 E = Time spent auto-exploring this place.
 F = Levels seen in this place.
 G = Mean time per level.
                   A        B        C        D        E       F      G
               +--------+--------+--------+--------+--------+-----+--------+
         Total |   1361 |   1314 |     47 |      0 |    998 |   2 |  680.5 |
       Dungeon |   1361 |   1314 |     47 |      0 |    998 |   2 |  680.5 |
               +--------+--------+--------+--------+--------+-----+--------+

Top non-repeatable levels by time:
     D:1: 898 daAuts
     D:2: 462 daAuts
